 Dungeon Crawl Stone Soup version 0.29-a0-649-g45c230d69a (webtiles) character file.

Game seed: 16327712286800496054

18102 PentaManta the Spry (level 12, -1/53 HPs)
             Began as a Spriggan Hunter on June 21, 2022.
             Was an Elder of Fedhas.
             Shot with an arrow by a centaur warrior (3 damage)
             ... in a volcano.
             The game lasted 00:26:29 (12656 turns).

PentaManta the Spry (Spriggan Hunter)              Turns: 12656, Time: 00:26:29

Health: -1/53      AC:  2    Str:  7    XL:     12   Next: 24%
Magic:  17/17      EV: 40    Int: 10    God:    Fedhas [****..]
Gold:   565        SH:  0    Dex: 30    Spells: 11/11 levels left

rFire   + . .      SeeInvis +   a - +3 shortbow (vorpal)
rCold   . . .      Faith    .   (shield currently unavailable)
rNeg    . . .      Spirit   .   S - +0 robe {rC+}
rPois   .          Reflect  .   (helmet restricted)
rElec   .          Harm     .   (no cloak)
rCorr   .          Rampage  .   (gloves unavailable)
Will    ++...                   (boots unavailable)
Stlth   +++.......              G - amulet of the acrobat
HPRegen 0.17/turn               q - +6 ring of dexterity
MPRegen 0.15/turn               L - ring of fire

@: very quick
A: very small, no large weapons, unfitting armour, see invisible, speed 3
a: Renounce Religion, Wall of Briars, Grow Ballistomycete, Overgrow


You were in a volcano.
You worshipped Fedhas.
Fedhas was greatly pleased with you.
You visited 3 branches of the dungeon, and saw 14 of its levels.
You also visited: Volcano.

You collected 565 gold pieces.

Inventory:

Hand Weapons
 a - a +3 vorpal shortbow (weapon)
 l - a +2 dagger of venom
 v - the +7 Throatcutter {drain, coup de grace}
   (You found it on level 4 of the Dungeon)

   A truly terrible weapon, it drains the life of any living foe it strikes.
   It may instantly kill foes which have little health.
 J - a +2 dagger of electrocution
 K - a +1 demon whip of venom
Missiles
 o - 2 throwing nets
 u - 43 poisoned darts
Armour
 b - a +0 robe
 I - +0 acid dragon scales
 S - a +0 robe of cold resistance (worn)
Jewellery
 q - a +6 ring of dexterity (left hand)
 s - a +6 ring of dexterity
 G - an amulet of the acrobat (around neck)
 L - a ring of fire (right hand)
 R - a ring of positive energy
Wands
 m - a wand of iceblast (19)
 r - a wand of polymorph (1)
 H - a wand of charming (4)
 Q - a wand of mindburst (5)
Scrolls
 c - a scroll of immolation
 g - 3 scrolls of magic mapping
 k - a scroll of teleportation
 p - a scroll of noise
 w - 2 scrolls of poison
 z - a scroll of fear {unknown}
 B - 3 scrolls of acquirement {unknown}
 C - a scroll of silence {unknown}
 F - 2 scrolls of vulnerability {unknown}
 P - 3 scrolls of torment {unknown}
Potions
 f - a potion of resistance
 h - 6 potions of might
 t - a potion of berserk rage
 x - 4 potions of curing
 A - a potion of haste
 D - 3 potions of ambrosia
 E - 3 potions of brilliance
 M - a potion of flight
 N - a potion of attraction
 O - a potion of lignification {unknown}


   Skills:
 - Level 1.6 Fighting
 - Level 16.0 Bows
 + Level 16.4 Dodging
 - Level 1.6 Stealth
 + Level 6.3 Invocations
 + Level 8.3 Evocations


You had 11 spell levels left.
You didn't know any spells.
Your spell library contained the following spells:

 Spells                   Type           Power      Damage    Failure   Level
 Conjure Flame            Conj/Fire      0%         6-21      75%         3
 Ignite Poison            Fire/Tmut/Pois 0%         N/A       75%         3
 Animate Dead             Necr           0%         N/A       98%         4
 Sticky Flame             Conj/Fire      0%         2d3       98%         4
 Borgnjor's Vile Clutch   Necr/Erth      0%         N/A       100%        5
 Death Channel            Necr           0%         N/A       100%        6


Dungeon Overview and Level Annotations

Branches:
Dungeon (12/15)            Temple (1/1) D:7            Lair (1/6) D:10
Volcano (1/1)
    Orc: D:9-12

Altars:
Ashenzari
Cheibriados
Dithmenos
Elyvilon
Fedhas
Gozag
Hepliaklqana
Kikubaaqudgha
Makhleb
Nemelex Xobeh
Okawaru
Qazlal
Ru
Sif Muna
Trog
Uskayaw
Vehumet
Wu Jian
Xom
Yredelemnul
Zin
The Shining One

Portals:
Abyss: D:9

Annotations:
D:9 2 transporters, Zero's ghost, novice GrEE
D:10 4 runed translucent doors


Innate Abilities, Weirdness & Mutations

You are very small and have problems with some larger weapons.
You are too small for most types of armour.
You have supernaturally acute eyesight. (SInv)
You cover ground extremely quickly. (Speed+++)


Message History

Gang up on whom?
Press: ? - help, Dir - move target, f - molten gargoyle, p - red draconian
Aim: a molten gargoyle, wielding a +0 flail Attack!
Okay, then.
Unknown command.
What are your orders? t - Shout!
Orders for allies: a - Attack new target. p - Attack previous target. r - Retreat! s - Stop attacking. g - Guard the area. f - Follow me.
Anything else - Cancel.
Gang up on whom?
Press: ? - help, Dir - move target, f/p - molten gargoyle
Aim: a molten gargoyle, wielding a +0 flail (ally target)
Okay, then.
What are your orders? t - Shout!
Orders for allies: a - Attack new target. p - Attack previous target. r - Retreat! s - Stop attacking. g - Guard the area. f - Follow me.
Anything else - Cancel.
Gang up on whom?
Press: ? - help, Dir - move target, f - centaur warrior, p - molten gargoyle
Aim: a centaur warrior, wielding a +1 shortbow of flaming Attack!
The centaur warrior shoots an arrow.
The arrow completely misses you.
You see here 15 gold pieces.
You are too injured to fight recklessly!
Okay, then.
You are too injured to fight recklessly!
Shoot: a) +3 shortbow (vorpal)
Press: ? - help, Q - select action, (/) - cycle Shift-Dir - straight line, f/p - centaur warrior
Aim: a centaur warrior, wielding a +1 shortbow of flaming (ally target, 79% to hit)
You shoot an arrow. The arrow hits the centaur warrior!
The centaur warrior is moderately wounded.
The centaur warrior shoots an arrow.
The arrow hits you!!
* * * LOW HITPOINT WARNING * * *
The arrow burns you.
You die...
Fedhas appreciates your contribution to the ecosystem.

##### ##c## ###
##...##....##
'.∩.'c....$#
#c..#.⌠..8$#
##'##.....$ ..
#d..# ....# #8#
#...###8###
##.![#c9.').[##
#.)$$'...#@$$.#
######.#######
###


You could see a centaur warrior (ally target), a molten gargoyle, a centaur and
a friendly red draconian (charmed).

Vanquished Creatures
  Snorg (D:11)
  A boulder beetle (D:11)
  4 two-headed ogres
  Nergalle (D:10)
  Amaemon (D:8)
  A skeletal warrior (D:10)
  An ugly thing (D:12)
  An orange demon (D:8)
  A gargoyle (D:10)
  A kobold demonologist (D:12)
  A troll (D:8)
  Grinder (D:6)
  Sigmund (D:4)
  A wyvern (D:10)
  2 shadows
  14 yaks
  2 wraiths
  6 fire bats (Volcano)
  A steam dragon (D:8)
  A vampire mosquito (D:12)
  3 acid dragons
  Duvessa (D:6)
  5 water moccasins
  2 black bears
  7 orc warriors
  An ice beast (D:5)
  A sky beast (D:6)
  3 ogres
  4 centaurs
  6 kobold brigands
  2 phantoms
  7 bullfrogs
  A gnoll sergeant (D:7)
  2 scorpions
  23 wights
  Dowan (D:6)
  11 killer bees
  A howler monkey (D:10)
  3 electric eels (D:7)
  4 lava snakes (Volcano)
  2 jellies
  A gnoll shaman (D:7)
  10 orc priests
  Terence (D:2)
  Natasha (thrice) (D:3)
  7 orc wizards
  20 gnolls
  5 adders
  2 white imps (D:6)
  5 worms
  4 dart slugs
  37 orcs
  4 ball pythons
  11 bats
  7 endoplasms
  5 giant cockroaches
  7 goblins
  5 hobgoblins
  3 jackals (D:4)
  22 kobolds
  2 quokkas (D:4)
  3 frilled lizards
  3 rats
300 creatures vanquished.

Vanquished Creatures (collateral kills)
  A manticore (D:10)
  A yak (Lair:1)
2 creatures vanquished.

Vanquished Creatures (others)
  11 fungi (D:10)
  12 plants
23 creatures vanquished.

Grand Total: 325 creatures vanquished

Notes
Turn   | Place    | Note
-------+----------+-------------------------------------------
     0 | D:1      | PentaManta the Spriggan Hunter began the quest for the Orb.
     0 | D:1      | Reached XP level 1. HP: 10/10 MP: 2/2
     0 | D:1      | Noticed a minotaur skeleton
    49 | D:1      | Reached skill level 5 in Bows
   150 | D:1      | Reached XP level 2. HP: 14/14 MP: 3/3
   592 | D:2      | Reached XP level 3. HP: 18/18 MP: 4/4
   606 | D:2      | Noticed an ogre
   619 | D:2      | Killed an ogre
   620 | D:2      | Reached XP level 4. HP: 22/22 MP: 5/5
  1140 | D:2      | Noticed Terence
  1154 | D:2      | Killed Terence
  1155 | D:2      | Reached XP level 5. HP: 25/25 MP: 6/6
  1274 | D:2      | Found a faded altar of an unknown god.
  1962 | D:3      | Reached XP level 6. HP: 21/30 MP: 7/7
  2143 | D:3      | Noticed Natasha
  2155 | D:3      | Killed Natasha
  2227 | D:3      | Noticed Natasha
  2244 | D:3      | Killed Natasha
  2541 | D:3      | Noticed Natasha
  2554 | D:3      | Killed Natasha
  2638 | D:4      | Reached skill level 10 in Bows
  2743 | D:4      | Reached XP level 7. HP: 33/33 MP: 8/8
  3080 | D:4      | Noticed Sigmund
  3087 | D:4      | Killed Sigmund
  3088 | D:4      | Reached skill level 5 in Dodging
  3357 | D:4      | Reached XP level 8. HP: 32/37 MP: 9/9
  3486 | D:4      | Found the +7 Throatcutter {drain, coup de grace}
  3721 | D:5      | Entered Level 5 of the Dungeon
  4338 | D:6      | Noticed Grinder
  4342 | D:6      | Killed Grinder
  4343 | D:6      | Reached XP level 9. HP: 42/42 MP: 10/10
  4437 | D:6      | Noticed Dowan
  4440 | D:6      | Noticed Duvessa
  4445 | D:6      | Killed Dowan
  4554 | D:6      | Killed Duvessa
  4741 | D:6      | Reached skill level 10 in Dodging
  5241 | D:7      | Found a staircase to the Ecumenical Temple.
  5246 | Temple   | Entered the Ecumenical Temple
  5370 | Temple   | Became a worshipper of Fedhas Madash
  6041 | D:7      | Reached * piety under Fedhas
  6057 | D:7      | Reached XP level 10. HP: 46/46 MP: 11/11
  6482 | D:8      | Found an iron altar of Okawaru.
  6748 | D:8      | Noticed an orange demon
  6749 | D:8      | Noticed Amaemon
  6761 | D:8      | Found a basalt altar of Yredelemnul.
  6761 | D:8      | Noticed a two-headed ogre
  6953 | D:9      | Noticed a toenail golem
  6954 | D:9      | Found a transporter.
  6954 | D:9      | Noticed a brown ugly thing
  6963 | D:9      | Found a transporter.
  6963 | D:9      | Noticed a hell hog
  6984 | D:9      | Noticed Zero's ghost (novice GrEE)
  7011 | D:9      | Reached ** piety under Fedhas
  7012 | D:9      | Reached skill level 15 in Bows
  7277 | D:9      | Found a one-way gate to the infinite horrors of the Abyss.
  8527 | D:8      | Killed a two-headed ogre
  8546 | D:8      | Killed an orange demon
  8692 | D:8      | Killed Amaemon
  8693 | D:8      | Reached XP level 11. HP: 49/49 MP: 12/12
  8837 | D:8      | Found a burning altar of Makhleb.
  9086 | D:10     | Entered Level 10 of the Dungeon
  9140 | D:10     | Found a large runed translucent door.
  9142 | D:10     | Found a large runed translucent door.
  9146 | D:10     | Found a large runed translucent door.
  9146 | D:10     | Found a large runed translucent door.
  9147 | D:10     | Noticed a death knight
  9203 | D:10     | Reached *** piety under Fedhas
  9442 | D:10     | Reached skill level 1 in Invocations
  9442 | D:10     | Reached skill level 1 in Evocations
  9694 | D:10     | Noticed a two-headed ogre
  9719 | D:10     | Killed a two-headed ogre
  9772 | D:10     | Found a staircase to the Lair.
  9826 | D:10     | Noticed Nergalle
  9846 | D:10     | Killed Nergalle
  9847 | D:10     | Reached skill level 15 in Dodging
  9975 | D:10     | Noticed a skeletal warrior
 10105 | D:10     | Killed a skeletal warrior
 10144 | D:10     | Reached skill level 5 in Evocations
 10161 | D:10     | Found a sacrificial altar of Ru.
 10362 | D:11     | Noticed a boulder beetle
 10382 | D:11     | Killed a boulder beetle
 10580 | D:11     | Noticed Snorg
 10667 | D:11     | Killed Snorg
 11018 | D:11     | Reached skill level 5 in Invocations
 11598 | D:12     | Reached XP level 12. HP: 53/53 MP: 17/17
 11598 | D:12     | Noticed a two-headed ogre
 11599 | D:12     | Noticed a two-headed ogre
 11631 | D:12     | Killed a two-headed ogre
 11638 | D:12     | Killed a two-headed ogre
 12012 | D:12     | Reached **** piety under Fedhas
 12346 | Lair:1   | Entered Level 1 of the Lair of Beasts
 12403 | Lair:1   | Found a dark tunnel.
 12413 | Volcano  | Entered a volcano
 12634 | Volcano  | Found a bloodstained altar of Trog.
 12635 | Volcano  | Noticed a centaur warrior
 12635 | Volcano  | Noticed a red draconian
 12656 | Volcano  | HP: 2/53 [centaur warrior/arrow (21)]
 12656 | Volcano  | Shot with an arrow by a centaur warrior

Illustrated notes

Levels and vault maps discovered:
D:1:      shiori_arrival_whats_in_store_for_you, layout_rooms, minivault_27,
          minmay_tripent
D:2:      layout_basic, shapermc_ecumenical_altar_pompeii, uniq_terence
D:3:      layout_rooms, uniq_natasha
D:4:      layout_rooms, dilly_guarded_unrand_throatcut, uniq_sigmund
D:5:      layout_basic
D:6:      layout_rooms, serial_corexii_hall, chequers_hall_statues_y,
          corexii_hall_statues_s, uniq_duvessa, uniq_grinder
D:7:      layout_basic, minmay_temple_entry_glassed_door, serial_bayou_lagoon_b
D:8:      layout_layer_cave, mainiacjoe_overflow_two_lobes, old_standard_altar,
          uniq_amaemon
D:9:      layout_irregular_city, gammafunk_ghost_abyssal_escape
D:10:     layout_rooms, old_standard_altar, grunt_lair_entry_orc_guard_hut,
          minmay_hollow_rounded_squares, uniq_nergalle
D:11:     layout_basic, uniq_snorg
D:12:     layout_loops_ring, erik_orc_3, nicolae_qazlal_style_of_elements
Temple:   mainiacjoe_temple_coin_purse
Lair:1:   layout_gridlike, nicolae_volcano_entry_two_sided, grunt_megastairs_2,
          uniq_grum, uniq_urug
Volcano:  volcano_grotto [vgs_many_chambers]

Skill      XL: |  1  2  3  4  5  6  7  8  9 10 11 12 |
---------------+-------------------------------------+-----
Bows           | 5 6 7 8 10 11 12 14 16 | 16.0
Dodging        | 5 8 11 14 16 | 16.4
Invocations    | 5 6 |  6.3
Evocations     | 7 8 |  8.3
Fighting       | |  1.6
Stealth        | |  1.6

Action                   |  1- 3 |  4- 6 |  7- 9 | 10-12 || total
-------------------------+-------+-------+-------+-------++-------
Melee: Unarmed           |       |    11 |       |       ||    11
       Dagger            |       |       |       |     5 ||     5
 Fire: Shortbow          |    69 |   148 |   377 |   710 ||  1304
Invok: Wall of Briars    |       |       |       |     2 ||     2
       Grow Ballistomyce |       |       |       |     1 ||     1
Evoke: Wand              |       |       |       |     1 ||     1
  Use: Scroll            |       |       |       |    18 ||    18
       Potion            |       |       |       |     2 ||     2
Armor: Robe              |     8 |     4 |       |     1 ||    13
       Skin              |       |     1 |       |       ||     1
Dodge: Dodged            |    26 |    47 |    81 |   244 ||   398

Table legend: (Time is in decaauts)
 A = Elapsed time spent in this place.
 B = Non-inter-level travel time spent in this place.
 C = Inter-level travel time spent in this place.
 D = Time resting spent in this place.
 E = Time spent auto-exploring this place.
 F = Levels seen in this place.
 G = Mean time per level.
                   A        B        C        D        E       F      G
               +--------+--------+--------+--------+--------+-----+--------+
         Total |   9414 |   9099 |    315 |   1079 |   5970 |  15 |  627.6 |
       Dungeon |   9110 |   8817 |    293 |   1079 |   5818 |  12 |  759.2 |
        Temple |     83 |     61 |     22 |      0 |     51 |   1 |   83.0 |
          Lair |     43 |     43 |      0 |      0 |      0 |   1 |   43.0 |
       Volcano |    177 |    177 |      0 |      0 |    100 |   1 |  177.0 |
               +--------+--------+--------+--------+--------+-----+--------+

Top non-repeatable levels by time:
     D:8: 1068 daAuts
    D:11: 1004 daAuts
    D:10: 957 daAuts
     D:4: 905 daAuts
     D:2: 887 daAuts
     D:9: 856 daAuts
     D:7: 764 daAuts
     D:3: 712 daAuts
     D:6: 666 daAuts
    D:12: 525 daAuts
     D:5: 382 daAuts
     D:1: 380 daAuts
 Volcano: 177 daAuts
  Temple: 83 daAuts
  Lair:1: 43 daAuts
